AoeStats
← ogipochi_

Socotra

506826993Analyzed
3v3 RM · 19d ago on Sep 15, 2026· 41m 45s· 6 players
Game mode
Random Map
Map size
128×128
Population
200
Speed
Normal
Resources
Standard
Victory
Conquest
Starting age
Dark Age
Ending age
Imperial Age
RankedLock teamsTeams togetherTeam positionsShared explorationLock speedFull tech treeHidden civsTurbo modeCheats
Victory
Defeat
🇨🇴 Persians · Colombia
748
+11
🇯🇵 Khitans · Japan
722
+12
🇮🇳 Cumans · India
656
+15
🇹🇷 Japanese · Türkiye
735
-16
🇸🇪 Franks · Sweden
620
-12
🇩🇪 Khmer · Germany
555
-10
Lunkan
13:38 Feudal Age
14:30 Double-Bit Axe
19:13 Fletching
22:33 Castle Age
23:39 Bow Saw
26:08 Forging
31:14 Fervor
35:06 Imperial Age
34:04 Husbandry
33:50 Light Cavalry
35:14 Loom
julian_venom
13:00 Feudal Age
14:54 Wheelbarrow
14:11 Double-Bit Axe
14:10 Horse Collar
18:55 Castle Age
17:03 Gold Mining
21:32 Bow Saw
22:47 Heavy Plow
23:16 Hand Cart
23:47 Bloodlines
25:17 Caravan
33:56 Imperial Age
34:44 Double Crossbow
serkanserpinli
3:46 Loom
17:34 Feudal Age
19:15 Wheelbarrow
21:38 Horse Collar
25:10 Castle Age
23:33 Stone Mining
23:38 Gold Mining
23:53 Padded Archer Armor
23:43 Fletching
24:11 Scale Mail Armor
24:47 Double-Bit Axe
25:34 Arson
26:38 Gold Shaft Mining
26:19 Heavy Plow
28:03 Bow Saw
29:35 Pikeman
30:15 Squires
30:01 Gambesons
31:32 Treadmill Crane
32:59 Squires
34:36 Hand Cart
35:28 Leather Archer Armor
35:09 Bodkin Arrow
36:58 Ballistics
36:38 Bodkin Arrow
36:54 Forging
41:56 Imperial Age
ogipochi_
9:49 Loom
12:10 Feudal Age
12:55 Double-Bit Axe
12:40 Man-at-Arms
13:34 Arson
14:50 Wheelbarrow
15:29 Scale Mail Armor
15:47 Forging
16:43 Scale Mail Armor
23:26 Castle Age
23:30 Pikeman
24:48 Iron Casting
24:30 Squires
24:35 Gambesons
24:47 Long Swordsman
30:59 Chain Mail Armor
33:32 Town Watch
37:12 Hand Cart
41:54 Imperial Age
Renato243150
0:42 Loom
13:09 Feudal Age
13:30 Double-Bit Axe
15:26 Gold Mining
23:15 Castle Age
24:36 Wheelbarrow
23:45 Horse Collar
24:42 Caravan
26:48 Forging
26:44 Scale Barding Armor
28:10 Husbandry
28:49 Heavy Plow
29:24 Bloodlines
30:55 Hand Cart
31:09 Bow Saw
35:23 Imperial Age
35:54 Iron Casting
36:17 Chain Barding Armor
36:24 Fletching
38:18 Heavy Scorpion
43:06 Chemistry
pratikmalusare99
8:16 Loom
Connection lost

Rejoining the realm…

Still unreachable

The connection could not be restored.

Session expired

The server has moved on; the page needs a fresh start.